 Dungeon Crawl Stone Soup version 0.29.1-1-gd02db6906a (webtiles) character file.

Game seed: 13201969920137726935

25813 mcbry74 the Grappler (level 12, -9/115 HPs)
             Began as a Troll Gladiator on Sept 22, 2022.
             Was the Champion of Okawaru.
             Mangled by a six-headed hydra (12 damage)
             ... on level 3 of the Lair of Beasts.
             The game lasted 01:01:30 (13527 turns).

mcbry74 the Grappler (Troll Gladiator)             Turns: 13527, Time: 01:01:31

Health: -9/115     AC:  6    Str: 33    XL:     12   Next: 92%
Magic:  14/14      EV: 13    Int: 13    God:    Okawaru [******]
Gold:   511        SH:  0    Dex: 16    Spells: 11/11 levels left

rFire   . . .      SeeInvis +   K - +6 demon whip "Ynonned" {vamp, Drain Int+7 SInv}
rCold   . . .      Faith    .   (no shield)
rNeg    + . .      Spirit   .   V - +0 troll leather armour
rPois   +          Reflect  .   Q - +0 hat {Will+}
rElec   .          Harm     .   (no cloak)
rCorr   +          Rampage  .   (gloves unavailable)
Will    ++...                   (boots unavailable)
Stlth   +.........              (no amulet)
HPRegen 1.89/turn               e - ring of Lucidity {Will+ rCorr Str+6 Dex+2}
MPRegen 0.14/turn               F - ring "Wiutoi" {rPois rN+ Dex+3}

@: no status effects
A: large, unfitting armour, claws 3, regeneration 1, shaggy fur 1, tough skin 1
a: Renounce Religion, Heroism, Finesse, Duel


You were on level 3 of the Lair of Beasts.
You worshipped Okawaru.
Okawaru was exalted by your worship.
You visited 4 branches of the dungeon, and saw 16 of its levels.

You collected 2194 gold pieces.
You spent 1683 gold pieces at shops.

Inventory:

Hand Weapons
 n - the +4 mace "Caasaiw" {protect, Will+ rCorr}
   (You found it on level 2 of the Lair of Beasts)

   It grants its wielder temporary protection when it strikes (+7 to AC).
   rCorr:     It protects you from acid and corrosion.
   Will:      It increases your willpower.
 E - a +1 spectral giant club
 K - the +6 demon whip "Ynonned" (weapon) {vamp, Drain Int+7 SInv}
   (You bought it in a shop on level 2 of the Dungeon)

   It occasionally heals its wielder for a portion of the damage dealt when it
   wounds a living foe.
   Int:       It affects your intelligence (+7).
   SInv:      It lets you see invisible.
   Drain:     It drains your maximum health when unequipped.
Missiles
 c - 7 throwing nets
 f - 2 large rocks
 k - 3 curare-tipped darts
 m - 44 poisoned darts
 v - 15 javelins (quivered)
 B - 8 boomerangs
 M - a boomerang of dispersal
Armour
 u - a +2 hat
 w - +0 acid dragon scales
 N - a +2 robe of resistance
 Q - a +0 hat of willpower (worn)
 V - a +0 troll leather armour (worn)
Jewellery
 e - the ring of Lucidity (left claw) {Will+ rCorr Str+6 Dex+2}
   (You bought it in a shop on level 9 of the Dungeon)

   [ring of resist corrosion]

   Str:       It affects your strength (+6).
   Dex:       It affects your dexterity (+2).
   rCorr:     It protects you from acid and corrosion.
   Will:      It increases your willpower.
 i - a +4 ring of evasion
 x - a ring of protection from cold
 z - a ring of wizardry
 C - a ring of ice
 F - the ring "Wiutoi" (right claw) {rPois rN+ Dex+3}
   (You bought it in a shop on level 9 of the Dungeon)

   [ring of poison resistance]

   Dex:       It affects your dexterity (+3).
   rPois:     It protects you from poison.
   rN:        It protects you from negative energy.
Wands
 a - a wand of paralysis (8)
 j - a wand of flame (4)
 p - a wand of iceblast (26)
 q - a wand of polymorph (9)
 y - a wand of digging (9)
 I - a wand of quicksilver (10)
Scrolls
 b - a scroll of poison
 l - 4 scrolls of teleportation
 r - 2 scrolls of fear
 s - 2 scrolls of magic mapping
 t - a scroll of identify
 A - a scroll of butterflies {unknown}
 D - a scroll of torment {unknown}
 G - 3 scrolls of blinking
 L - a scroll of silence
 T - 2 scrolls of summoning
Potions
 d - 3 potions of degeneration {unknown}
 g - a potion of lignification {unknown}
 h - a potion of brilliance {unknown}
 o - a potion of ambrosia {unknown}
 H - a potion of might {unknown}
 J - a potion of mutation
 P - 3 potions of curing
 R - a potion of heal wounds
 S - a potion of magic {unknown}
 W - a potion of haste {unknown}
 X - a potion of cancellation {unknown}
 Y - a potion of invisibility {unknown}


   Skills:
 + Level 6.4 Fighting
 + Level 6.5 Maces & Flails
 + Level 9.1 Throwing
 + Level 6.9 Dodging
 * Level 13.9 Unarmed Combat
 + Level 4.6 Invocations
 + Level 3.1 Evocations


You had 11 spell levels left.
You didn't know any spells.
Your spell library contained the following spells:

 Spells                   Type           Power      Damage    Failure   Level
 Poisonous Vapours        Pois/Air       0%         N/A       45%         2
 Conjure Flame            Conj/Fire      0%         6-21      71%         3
 Ignite Poison            Fire/Tmut/Pois 0%         N/A       71%         3
 Portal Projectile        Hex/Tloc       0%         N/A       71%         3
 Corpse Rot               Necr/Pois/Air  0%         N/A       98%         4
 Dispel Undead            Necr           0%         3d6       98%         4
 Leda's Liquefaction      Hex/Erth       0%         N/A       98%         4
 Sticky Flame             Conj/Fire      0%         2d3       98%         4
 Lightning Bolt           Conj/Air       0%         1d11      100%        5
 Silence                  Hex/Air        0%         N/A       100%        5
 Conjure Ball Lightning   Conj/Air       0%         3x3d6     100%        6
 Call Canine Familiar     Summ           Unusable   N/A       N/A         3
 Death Channel            Necr           Unusable   N/A       N/A         6

Dungeon Overview and Level Annotations

Branches:
Dungeon (11/15)            Temple (1/1) D:6            Lair (3/5) D:8
 Spider (0/4) Lair:2          Orc (1/2) D:11
  Swamp: Lair:2-3    Shoals: Lair:2-3

Altars:
Ashenzari
Cheibriados
Dithmenos
Elyvilon
Fedhas
Gozag
Hepliaklqana
Kikubaaqudgha
Makhleb
Nemelex Xobeh
Okawaru
Ru
Sif Muna
Trog
Uskayaw
Vehumet
Wu Jian
Xom
Yredelemnul
Zin
The Shining One

Shops:
D:2 (   D:9 =   D:11 [

Annotations:
D:3 2 transporters


Innate Abilities, Weirdness & Mutations

You are too large for most types of armour.
You have claws for hands.
Your natural rate of healing is unusually fast.
You are covered in fur. (AC +1)
You have tough skin. (AC +1)


Message History

J - a potion of mutation The helpless six-headed hydra fails to defend itself.
You whack the six-headed hydra!
The six-headed hydra is lightly wounded.
The six-headed hydra barely misses you. The six-headed hydra bites you!
The six-headed hydra bites you but does no damage.
The six-headed hydra barely misses you. The six-headed hydra bites you!
The six-headed hydra bites you.
You hit the six-headed hydra.
The six-headed hydra is lightly wounded.
The six-headed hydra bites you! x2; The six-headed hydra misses you.
The six-headed hydra bites you! x3
You whack the six-headed hydra!
The six-headed hydra is moderately wounded.
You thrash the six-headed hydra!!
You feel better.
The six-headed hydra is heavily wounded.
The six-headed hydra barely misses you.
The six-headed hydra closely misses you. x2
The six-headed hydra bites you. x2
The six-headed hydra bites you but does no damage.
You barely miss the six-headed hydra. You claw the six-headed hydra!!
The six-headed hydra is almost dead.
The six-headed hydra bites you!
* * * LOW HITPOINT WARNING * * *
The six-headed hydra bites you but does no damage.
The six-headed hydra bites you!
* * * LOW HITPOINT WARNING * * *
The six-headed hydra misses you. The six-headed hydra bites you!
* * * LOW HITPOINT WARNING * * *
The six-headed hydra barely misses you.
You hit the six-headed hydra.
You feel better.
The six-headed hydra is almost dead.
The six-headed hydra bites you!
* * * LOW HITPOINT WARNING * * *
The six-headed hydra misses you.
The six-headed hydra closely misses you.
The six-headed hydra bites you.
* * * LOW HITPOINT WARNING * * *
The six-headed hydra bites you!
You die...

.........## ..........##
...........## .#...........##
##.............#
#.#............#
+..?...#D.$...# ....#
#P....##@.#.# ...#
#...........# .[#
##....P....## #.##
###........## ##..#
####.#.....#.## #...#####
..........#..## ##..#.#.#.
..............# #.........
.........)....## ##........†
...............####........†.


You could see a six-headed hydra.

Vanquished Creatures
  Gastronok (D:9)
  An orc warlord (D:11)
  Harold (D:9)
  Erica (D:8)
  6 two-headed ogres
  Sonja (Orc:1)
  Pikel (D:9)
  A gargoyle (D:10)
  Psyche (D:9)
  A kobold demonologist (D:10)
  4 cane toads
  Maggie (Lair:2)
  A rime drake (Lair:1)
  2 trolls
  A meliai (Lair:2)
  Prince Ribbit (D:5)
  3 blink frogs (Lair:2)
  Eustachio (D:4)
  A shadow (D:11)
  A basilisk (Lair:2)
  39 yaks
  A wyvern (Lair:2)
  10 water moccasins
  23 orc warriors
  2 black bears
  A sky beast (D:7)
  8 ogres
  An ice beast (D:7)
  8 centaurs
  5 wolves (Lair:1)
  5 kobold brigands
  13 bullfrogs
  3 gnoll sergeants
  A necrophage (D:3)
  4 wights (D:9)
  3 killer bees (Lair:2)
  2 howler monkeys (D:8)
  3 hounds
  A jelly (D:5)
  A gnoll bouda (D:5)
  4 orc priests
  2 iguanas
  Terence (D:2)
  Natasha (thrice) (D:2)
  11 orc wizards
  2 gnolls (D:11)
  8 adders
  A shadow imp (D:7)
  A white imp (D:7)
  An ufetubus (D:6)
  2 worms
  5 dart slugs
  64 orcs
  7 ball pythons
  5 bats (D:1)
  2 endoplasms
  8 giant cockroaches
  9 goblins
  7 hobgoblins
  3 jackals (D:1)
  20 kobolds
  3 quokkas
  5 rats
339 creatures vanquished.

Vanquished Creatures (others)
  A centaur (D:11)
  5 fungi
  3 plants (Lair:1)
  4 toadstools (D:1)
13 creatures vanquished.

Grand Total: 352 creatures vanquished

Notes
Turn   | Place    | Note
-------+----------+-------------------------------------------
     0 | D:1      | mcbry74 the Troll Gladiator began the quest for the Orb.
     0 | D:1      | Reached XP level 1. HP: 19/19 MP: 0/0
   304 | D:1      | Found a faded altar of an unknown god.
   361 | D:1      | Reached XP level 2. HP: 28/28 MP: 1/1
   413 | D:2      | Noticed Natasha
   421 | D:2      | Killed Natasha
   422 | D:2      | Reached XP level 3. HP: 24/35 MP: 2/2
   508 | D:2      | Found Poxososchi's Antique Weapon Emporium.
   570 | D:2      | Noticed Natasha
   580 | D:2      | Killed Natasha
   588 | D:2      | Noticed Terence
   597 | D:2      | Killed Terence
   598 | D:2      | Reached skill level 4 in Unarmed Combat
   598 | D:2      | Reached XP level 4. HP: 13/42 MP: 3/3
   906 | D:3      | Found a transporter.
  1197 | D:4      | Reached XP level 5. HP: 49/49 MP: 4/4
  1230 | D:4      | Noticed Eustachio
  1252 | D:4      | Killed Eustachio
  1253 | D:4      | Reached skill level 5 in Unarmed Combat
  1253 | D:4      | Reached XP level 6. HP: 47/57 MP: 5/5
  2067 | D:5      | Entered Level 5 of the Dungeon
  2136 | D:5      | Reached skill level 6 in Unarmed Combat
  2158 | D:5      | Found a shadowy altar of Dithmenos.
  2158 | D:5      | Noticed Prince Ribbit
  2171 | D:5      | Killed Prince Ribbit
  2172 | D:5      | Reached XP level 7. HP: 45/65 MP: 6/6
  2278 | D:5      | Reached skill level 7 in Unarmed Combat
  2834 | D:6      | Reached skill level 5 in Throwing
  2834 | D:6      | Reached XP level 8. HP: 70/72 MP: 7/7
  2894 | D:6      | Reached skill level 8 in Unarmed Combat
  3007 | D:6      | Identified the +0 short sword "Hellblazer" {freeze, Str+6
                  | Int+5}
  3039 | D:6      | You fall into a shaft and drop 2 floors!
  3194 | D:8      | Reached skill level 9 in Unarmed Combat
  3330 | D:6      | Found a blossoming altar of Fedhas.
  3355 | D:6      | Found a staircase to the Ecumenical Temple.
  3364 | Temple   | Entered the Ecumenical Temple
  3385 | Temple   | Became a worshipper of Warmaster Okawaru
  3786 | D:3      | Found a hazy altar of Hepliaklqana.
  3826 | D:3      | Found an ancient bone altar of Kikubaaqudgha.
  3858 | D:3      | Identified the +9 dagger "Ownineruru" {freeze, Fragile
                  | rPois SInv}
  3881 | D:3      | Found a shimmering altar of Xom.
  3881 | D:3      | Found a sparkling altar of Nemelex Xobeh.
  3882 | D:3      | Found a transporter.
  3882 | D:3      | Found a broken altar of Ashenzari.
  4443 | D:2      | Noticed Natasha
  4450 | D:2      | Killed Natasha
  5128 | D:2      | Bought a transparent demon whip for 380 gold pieces
  5128 | D:2      | Identified the +6 demon whip "Ynonned" {vamp, Drain Int+7
                  | SInv} (You bought it in a shop on level 2 of the Dungeon)
  5385 | D:7      | Reached XP level 9. HP: 79/79 MP: 8/8
  5438 | D:7      | Reached * piety under Okawaru
  5563 | D:7      | Reached skill level 1 in Maces & Flails
  5672 | D:7      | Reached skill level 10 in Unarmed Combat
  5875 | D:7      | Found an opulent altar of Gozag.
  6431 | D:8      | Reached ** piety under Okawaru
  6466 | D:8      | Found a staircase to the Lair.
  6614 | D:8      | Reached XP level 10. HP: 91/91 MP: 9/9
  6743 | D:8      | Noticed Erica
  6754 | D:8      | HP: 3/91 [Erica/+4 scimitar of flaming (3)]
  6761 | D:8      | Killed Erica
  6761 | D:8      | Reached *** piety under Okawaru
  6761 | D:8      | Received a gift from Okawaru
  6762 | D:8      | Reached skill level 11 in Unarmed Combat
  7089 | D:9      | Noticed Gastronok
  7130 | D:9      | Killed Gastronok
  7283 | D:9      | Noticed a two-headed ogre
  7297 | D:9      | Killed a two-headed ogre
  7297 | D:9      | Reached **** piety under Okawaru
  7298 | D:9      | Reached skill level 5 in Dodging
  7328 | D:9      | Noticed Pikel
  7334 | D:9      | Killed Pikel
  7334 | D:9      | Received a gift from Okawaru
  7399 | D:9      | Noticed Psyche
  7405 | D:9      | Killed Psyche
  7467 | D:9      | Reached skill level 12 in Unarmed Combat
  7640 | D:9      | Reached XP level 11. HP: 88/101 MP: 10/10
  7649 | D:9      | Noticed Harold
  7689 | D:9      | Killed Harold
  7845 | D:9      | Reached skill level 1 in Invocations
  7941 | D:9      | Found Voblayts's Jewellery Shop.
  8210 | D:9      | Found a bloodstained altar of Trog.
  8254 | D:10     | Entered Level 10 of the Dungeon
  8254 | D:10     | Noticed a two-headed ogre
  8260 | D:10     | Killed a two-headed ogre
  8260 | D:10     | Received a gift from Okawaru
  8261 | D:10     | Reached skill level 5 in Fighting
  8445 | D:10     | Noticed a two-headed ogre
  8463 | D:10     | Killed a two-headed ogre
  8463 | D:10     | Reached ***** piety under Okawaru
  8541 | D:10     | Noticed a two-headed ogre
  8552 | D:10     | Killed a two-headed ogre
  8553 | D:10     | Reached skill level 5 in Maces & Flails
  8698 | D:10     | Found a hide-covered altar of Uskayaw.
  8858 | D:10     | Found a glowing golden altar of the Shining One.
  9135 | D:11     | Found Bivithov's Antique Armour Shop.
  9421 | D:11     | Found a staircase to the Orcish Mines.
  9642 | D:11     | Reached skill level 1 in Evocations
 10052 | Orc:1    | Entered Level 1 of the Orcish Mines
 10052 | Orc:1    | Noticed a two-headed ogre
 10075 | D:11     | Killed a two-headed ogre
 10075 | D:11     | Received a gift from Okawaru
 10101 | Orc:1    | Noticed an orc warlord
 10107 | D:11     | Reached skill level 13 in Unarmed Combat
 10615 | Orc:1    | Reached XP level 12. HP: 110/111 MP: 13/13
 10634 | Orc:1    | Received a gift from Okawaru
 10942 | Orc:1    | Noticed a two-headed ogre
 10948 | Orc:1    | Killed a two-headed ogre
 10948 | Orc:1    | Received a gift from Okawaru
 11019 | Orc:1    | Noticed Sonja
 11059 | Orc:1    | Killed Sonja
 11315 | D:11     | Killed an orc warlord
 11387 | D:9      | Bought the ring "Wiutoi" {rPois rN+ Dex+3} for 562 gold
                  | pieces
 11421 | Lair:1   | Entered Level 1 of the Lair of Beasts
 11436 | D:8      | Identified the +0 robe "Oriej" {rN+ Regen+ Str+4} (Okawaru
                  | gifted it to you on level 8 of the Dungeon)
 11436 | D:8      | Received a gift from Okawaru
 11758 | Lair:1   | Identified the +9 spear of the Burning Oracle {vorpal, rF+
                  | rN++ Will- Stlth+}
 11834 | Lair:1   | Identified a scroll of acquirement
 11835 | Lair:1   | Acquired 911 gold pieces
 11886 | D:9      | Bought the ring of Lucidity {Will+ rCorr Str+6 Dex+2} for
                  | 741 gold pieces
 12291 | Lair:1   | Got Sif Muna's Compilation of the Storm
 12442 | Lair:2   | Identified the +4 mace "Caasaiw" {protect, Will+ rCorr}
 12531 | Lair:2   | Found a hole to the Spider Nest.
 12720 | Lair:2   | Noticed Maggie
 12743 | Lair:2   | Killed Maggie
 12794 | Lair:2   | Reached ****** piety under Okawaru
 13396 | Lair:3   | Received a gift from Okawaru
 13506 | Lair:3   | Identified the +5 falchion of Beilaes {vamp, rC- Dex+8}
 13509 | Lair:3   | Noticed a six-headed hydra
 13527 | Lair:3   | HP: 3/115 [six-headed hydra (6)]
 13527 | Lair:3   | Mangled by a six-headed hydra

Illustrated notes

Levels and vault maps discovered:
D:1:      ldierk_walled_garden_2, layout_loops_ring,
          chequers_ecumenical_altar_lobes, chequers_serial_rivers_large_b
D:2:      layout_basic, serial_shops, shop, uniq_terence, uniq_natasha
D:3:      gammafunk_steamed_eel, layout_loops_ring,
          nicolae_kikubaaqudgha_miasma_corner,
          mainiacjoe_overflow_small_starburst,
          chequers_temple_overflow_statue_of_worship
D:4:      cheibrodos_quashed, layout_basic, uniq_eustachio
D:5:      layout_gridville, nicolae_dithmenos_the_darkroom, st_stairs_4,
          uniq_prince_ribbit1
D:6:      layout_cave_pools, lemuel_round_altar, temple_statues,
          kennysheep_generic_room_11
D:7:      layout_basic, grunt_gozag_breadcrumbs, enter_ossuary_1
D:8:      layout_loops_corners, lair_entry_dummy, uniq_erica
D:9:      layout_roguey [special_room_orc], marbit_many_paths, serial_shops,
          shop, uniq_psyche, uniq_pikel, uniq_harold, uniq_gastronok
D:10:     layout_roguey, kennysheep_mini, eat_drink_and_be_merry_uskayaw,
          minmay_fountain_box
D:11:     layout_gridville, kennysheep_orc_monster_closet_entryway,
          serial_shops, shop
Temple:   nicolae_temple_ecumenical_triangle
Lair:1:   layout_gridlike, lemuel_fruit_tree, grunt_megastairs_2
Lair:2:   layout_cellular_growth, hellmonk_spider_entry_not_the_bees,
          uniq_maggie
Lair:3:   layout_regular_city, minmay_shoals_entry_lonely_mermaid
Orc:1:    layout_caves, nicolae_orc_stony_grotto, mines2_david, uniq_sonja

Skill      XL: |  1  2  3  4  5  6  7  8  9 10 11 12 |
---------------+-------------------------------------+-----
Throwing       | 2 3 4 5 6 7 8 9 |  9.1
Fighting       | 2 3 4 5 6 |  6.4
Unarmed Combat | 4 5 6 7 9 10 12 13 | 13.9
Dodging        | 3 4 5 6 |  6.9
Maces & Flails | 2 4 5 6 |  6.5
Invocations    | 3 4 |  4.6
Evocations     | 1 3 |  3.1

Action                   |  1- 3 |  4- 6 |  7- 9 | 10-12 || total
-------------------------+-------+-------+-------+-------++-------
Melee: Unarmed           |    37 |    98 |   300 |   549 ||   984
       Punch             |       |     2 |    17 |    50 ||    69
       Demon whip        |       |       |       |     6 ||     6
Throw: Dart              |       |     4 |     8 |    27 ||    39
       Javelin           |       |       |       |    39 ||    39
       Throwing net      |       |       |       |     2 ||     2
       Large rock        |       |       |       |     5 ||     5
       Boomerang         |       |       |       |     2 ||     2
Invok: Heroism           |       |       |       |     3 ||     3
       Finesse           |       |       |       |     5 ||     5
  Use: Scroll            |       |       |     9 |    10 ||    19
       Potion            |       |       |       |     2 ||     2
 Stab: Sleeping          |       |       |     1 |     1 ||     2
Armor: Robe              |    16 |    21 |    57 |    26 ||   120
       Troll leather arm |       |       |       |   109 ||   109
Dodge: Dodged            |    30 |    95 |   155 |   395 ||   675
